 Dungeon Crawl Stone Soup version 0.28-a0-1435-g82390b3a13 (webtiles) character file.

Game seed: 157036429939082655

8 knot the Chopper (level 2, 24/24 HPs)
             Began as a Demonspawn Berserker on Jan 10, 2022.
             Was a Follower of Trog.
             Quit the game on level 1 of the Dungeon.
             The game lasted 00:00:19 (221 turns).

knot the Chopper (Demonspawn Berserker)              Turns: 221, Time: 00:00:19

Health: 24/24      AC:  2    Str: 17    XL:     2   Next: 0%
Magic:  2/2        EV: 12    Int:  8    God:    Trog [*.....]
Gold:   0          SH:  0    Dex: 12    Spells: 1/1 levels left

rFire   . . .      SeeInvis .   a - +0 hand axe
rCold   . . .      Faith    .   (no shield)
rNeg    . . .      Spirit   .   b - +0 animal skin
rPois   .          Reflect  .   (no helmet)
rElec   .          Harm     .   (no cloak)
rCorr   .          Rampage  .   (no gloves)
Will    .....                   (no boots)
Stlth   +.........              (no amulet)
HPRegen 0.08/turn               (no ring)
MPRegen 0.08/turn               (no ring)

@: no status effects
A: powered by pain 1
a: Renounce Religion, Berserk


You were on level 1 of the Dungeon.
You worshipped Trog.
Trog was aware of your devotion.
You visited 1 branch of the dungeon, and saw 1 of its levels.

Inventory:

Hand Weapons
 a - a +0 hand axe (weapon)
Missiles
 e - 4 stones (quivered)
Armour
 b - a +0 animal skin (worn)
Jewellery
 c - an amulet of guardian spirit
Scrolls
 d - a scroll of noise {unknown}


   Skills:
 - Level 3.0 Fighting
 + Level 3.2 Axes
 - Level 1.7 Armour
 - Level 1.7 Dodging


You had one spell level left.
You didn't know any spells.
Your spell library was empty.

Dungeon Overview and Level Annotations

Branches:
Dungeon (1/15)

Altars:


Innate Abilities, Weirdness & Mutations

You sometimes gain a little power by taking damage.


Message History

A bat comes into view.
A bat is nearby!
A quokka comes into view.
There are monsters nearby!
You hit the bat.
You kill the bat!
Trog accepts your kill. The quokka misses you.
The quokka completely misses you.
You hit the quokka but do no damage. The quokka misses you.
You hit the quokka.
The quokka is severely wounded.
The quokka bites you.
You miss the quokka.
The quokka is severely wounded.
The quokka bites you.
The quokka bites you but does no damage.
You barely miss the quokka.
The quokka is severely wounded.
The quokka barely misses you.
You hit the quokka.
You kill the quokka!
Trog accepts your kill.
No target in view!
No target in view!
Found a club.
Key pressed, stopping explore.
No target in view!
No target in view!
No target in view!
No target in view!
An endoplasm comes into view.
An endoplasm is nearby!
You hit the endoplasm but do no damage. The endoplasm barely misses you.
You slash the endoplasm!
You kill the endoplasm!
Trog accepts your kill.
You have reached level 2!
Your demonic ancestry asserts itself...
You feel energised by your suffering.
Are you sure you want to abandon this character and quit the game? (Confirm with "yes".)

#.....##..#.. #.
#.........#.. ##.
#.....)...... ..
#......##.#.. #.##
#####........ ..#
##.##.... # #.# #
#.#####. #.##.##.#
#.#####. #....@..#
#.......
####.################.
#.#####.##.........
#............######
#######.##...#
########


There were no monsters in sight!

Vanquished Creatures
  A bat (D:1)
  An endoplasm (D:1)
  A giant cockroach (D:1)
  A goblin (D:1)
  A kobold (D:1)
  A quokka (D:1)
6 creatures vanquished.

Notes
Turn   | Place    | Note
-------+----------+-------------------------------------------
     0 | D:1      | knot the Demonspawn Berserker began the quest for the Orb.
     0 | D:1      | Reached XP level 1. HP: 18/18 MP: 1/1
   221 | D:1      | Gained mutation: You sometimes gain a little power by
                  | taking damage. [demonic ancestry]
   221 | D:1      | Reached XP level 2. HP: 24/24 MP: 2/2
   221 | D:1      | Quit the game

Illustrated notes

Levels and vault maps discovered:
D:1:      grunt_arrival_lava_bath, layout_loops_cross

Skill      XL: |  1 |
---------------+----+-----
Axes           | 3 |  3.2
Fighting       | |  3.0
Armour         | |  1.7
Dodging        | |  1.7

Action                   || total
-------------------------++-------
Melee: Hand axe          ||    18
       Punch             ||     1
 Stab: Sleeping          ||     1
Armor: Animal skin       ||     3
Dodge: Dodged            ||    10

Table legend: (Time is in decaauts)
 A = Elapsed time spent in this place.
 B = Non-inter-level travel time spent in this place.
 C = Inter-level travel time spent in this place.
 D = Time resting spent in this place.
 E = Time spent auto-exploring this place.
 F = Levels seen in this place.
 G = Mean time per level.
                   A        B        C        D        E       F      G
               +--------+--------+--------+--------+--------+-----+--------+
         Total |    223 |    223 |      0 |      0 |    178 |   1 |  223.0 |
       Dungeon |    223 |    223 |      0 |      0 |    178 |   1 |  223.0 |
               +--------+--------+--------+--------+--------+-----+--------+

Top non-repeatable levels by time:
     D:1: 223 daAuts
